Cogmind - Beta 9.6 @@@ ROGUE MODE // 2020.06.02 @ 01:46:45 Player: Storyteller Result: Destroyed by S-10 Pest with Light Assault Rifle Performance ------------- Evolutions (1) 500 Regions Visited (2) 400 Robots Destroyed (9) 45 Value Destroyed (207) 207 Prototype IDs (0) 0 Alien Tech Used (0) 0 Bonus (0) 0 TOTAL SCORE: 1152 Bonus ------- None Cogmind --------- Core Integrity 0/400 Matter 202/300 Energy 60/100 System Corruption 0% Temperature Cool (6) Movement Core (150) Ox2 Location -9/Materials Parts ------- > --- POWER (1) -------- (None) > --- PROPULSION (3) --- (None) > --- UTILITY (3) ------ Medium Storage Unit ECM Suite > --- WEAPON (2) ------- (None) > --- INVENTORY (8) ---- Deuterium Engine Deuterium Engine Deuterium Engine Large Storage Unit Electrolaser Electrolaser Datajack Peak State ------------ > --- POWER ------------ Deuterium Engine > --- PROPULSION ------- Improved Hover Unit Improved Hover Unit Improved Hover Unit > --- UTILITY ---------- Cooling System Medium Storage Unit ECM Suite > --- WEAPON ----------- Electrolaser Electrolaser > --- INVENTORY -------- Deuterium Engine Deuterium Engine Deuterium Engine Improved Hover Unit Large Storage Unit Electrolaser Electrolaser [Rating: 20] Favorites ----------- Power Ion Engine Engine Ion Engine Propulsion Improved Hover Unit Leg Aluminum Leg Hover Unit Improved Hover Unit Utility ECM Suite Device ECM Suite Storage Medium Storage Unit Weapon EM Pulse Gun Energy Gun EM Pulse Gun Ballistic Gun Assault Rifle Build | -11 -10 -9 ------- Run | Scr Mat Mat Slots Evolved 2 | . . 2 Power . | . . . Propulsion 1 | . . 1 Utility 1 | . . 1 Weapon . | . . . Parts Attached 22 | 6 9 7 Power 2 | 1 . 1 Engine 2 | 1 . 1 Core . | . . . Reactor . | . . . Propulsion 6 | 2 2 2 Treads . | . . . Leg 2 | 2 . . Wheel . | . . . Hover 4 | . 2 2 Flight . | . . . Utility 8 | 1 6 1 Device 2 | . 1 1 Storage 6 | 1 5 . Processor . | . . . Hackware . | . . . Protection . | . . . Artifact . | . . . Weapon 6 | 2 1 3 Energy Gun 3 | 1 . 2 Energy Cannon . | . . . Ballistic Gun 3 | 1 1 1 Ballistic Cannon . | . . . Launcher . | . . . Special Weapon . | . . . Impact Weapon . | . . . Slashing Weapon . | . . . Piercing Weapon . | . . . Special Melee Weapon . | . . . Unidentified Prototypes . | . . . Parts Lost 8 | . . 8 Power 1 | . . 1 Propulsion 4 | . . 4 Utility 1 | . . 1 Weapon 2 | . . 2 Highest Loss Streak 6 | . . 6 Average Slot Usage (%) 93 | . 96 89 Engine 12 | . 14 10 Leg 11 | . 19 . Hover 16 | . 7 29 Device 13 | . 10 18 Storage 13 | . 15 11 Energy Gun 14 | . 14 16 Ballistic Gun 9 | . 14 3 Naked Turns . | . . . Heaviest Build 44 | 12 44 26 Greatest Support 24 | 20 20 24 Greatest Overweight (x) 5 | . 5 3 Average Overweight (x) . | . . . Largest Inventory Capacity 14 | 6 14 8 Average Capacity 7 | 5 7 8 Most Carried 8 | 4 8 8 Average Carried 6 | 2 6 7 Final Capacity 8 | 6 8 8 Final Carried 8 | 4 8 7 Class Distribution -------------------- 100% | Mutant Dominant Class ---------------- Mutant | -10/Materials Mutant | -9/Materials Resources | -11 -10 -9 ----------- Run | Scr Mat Mat Matter Collected 311 | 146 103 62 Remotely . | . . . Salvage Created 243 | . 181 62 Parts 24 | . 20 4 Haulers Intercepted . | . . . Recyclers Shooed . | . . . Parts Field Recycled . | . . . Retrieved Matter . | . . . Parts Self-Destructed . | . . . Prevented . | . . . Kills | -11 -10 -9 ------- Run | Scr Mat Mat Combat Hostiles Destroyed 5 | . 4 1 Guns 4 | . 3 1 AOE 1 | . 1 . Classes Destroyed 5 | . 4 1 Operator 2 | . 1 1 Watcher 2 | . 2 . Swarmer 2 | . 2 . Grunt 2 | . 2 . Sentry 1 | . . 1 Best Kill Streak 3 | . 3 1 Combat Bots Only 2 | . 2 1 Max Kills in Single Turn 1 | . 1 1 Gunslinging . | . . . Exploded 1 | . 1 . Melee . | . . . Uniques/NPCs Destroyed . | . . . Combat | -11 -10 -9 -------- Run | Scr Mat Mat Damage Taken 991 | . 114 877 Core 424 | . 17 407 Absorbed by Shields . | . . . Core Remaining (%) 96 | 100 93 . Volleys Fired 17 | . 13 4 Largest 2 | . 2 2 Hottest 126 | . 60 126 Shots Fired 34 | . 26 8 Gun 34 | . 26 8 Cannon . | . . . Launcher . | . . . Special . | . . . Kinetic 13 | . 13 . Thermal 8 | . . 8 Explosive . | . . . Electromagnetic 13 | . 13 . Robot Hit Streak 8 | . 5 8 Robot Miss Streak 7 | . 7 1 Penetration Max . | . . . Secondary Targets . | . . . Shots Hit Robots 19 | . 13 6 Core Hits 12 | . 9 3 Critical Hits . | . . . Critical Kills . | . . . Critical Parts Destroyed . | . . . Melee Attacks . | . . . Impact . | . . . Slashing . | . . . Piercing . | . . . Sneak Attacks . | . . . Combat Hostiles . | . . . Follow-up Attacks . | . . . Damage Inflicted 360 | . 259 101 Guns 312 | . 211 101 Cannons . | . . . Explosions 48 | . 48 . Melee . | . . . Ramming . | . . . Kinetic 71 | . 71 . Thermal 149 | . 48 101 Explosive . | . . . Electromagnetic 140 | . 140 . Impact . | . . . Slashing . | . . . Piercing . | . . . Highest Corruption . | . . . Average Corruption . | . . . Corruption Purged . | . . . Overload Shots . | . . . Overflow Damage . | . . . Projectiles . | . . . Explosions . | . . . Melee . | . . . Knockbacks . | . . . Impact . | . . . Kinetic . | . . . Secondary . | . . . Self-Inflicted Damage . | . . . Shots . | . . . Rammed . | . . . Targets Rammed . | . . . Kicked . | . . . Crushed . | . . . Highest Temperature 40 | . 40 15 Average Temperature 10 | . 12 5 Received Heat Transfer 210 | . 24 186 Siege Activations . | . . . Robots Corrupted . | . . . Combat Hostiles . | . . . Parts Fried . | . . . Impact Corruptions . | . . . Robots Melted . | . . . Combat Hostiles . | . . . Parts Melted . | . . . Heat Transferred 272 | . 50 222 Parts Sabotaged . | . . . Parts Stolen . | . . . Parts Stripped . | . . . Power Chain Reactions 1 | . 1 . Missiles Intercepted . | . . . Alert | -11 -10 -9 ------- Run | Scr Mat Mat Peak Influence 189 | . 189 105 Average Influence 68 | . 93 49 Maximum Alert Level . | . . . Low Security (%) 100 | 100 100 100 Level 1 . | . . . Level 2 . | . . . Level 3 . | . . . Level 4 . | . . . Level 5 . | . . . High Security . | . . . Max Security . | . . . Squads Dispatched 3 | . 2 1 Investigation . | . . . Extermination . | . . . Reinforcement 3 | . 2 1 Assault . | . . . Garrison . | . . . Intercept . | . . . Construction Impeded . | . . . Haulers Reinforced . | . . . Stealth | -11 -10 -9 --------- Run | Scr Mat Mat Distress Signals 1 | . 1 . Communications Jammed . | . . . Distress Signals . | . . . Times Spotted 33 | . 14 19 Peak Tracking Total 10 | . 3 10 Tactical Retreats 4 | . 1 3 Traps | -11 -10 -9 ------- Run | Scr Mat Mat Traps Triggered . | . . . Indirectly . | . . . Trap Hack Attempts . | . . . Triggered . | . . . Disarmed . | . . . Reprogrammed . | . . . Reused . | . . . Traps Extracted . | . . . Installed . | . . . Triggered . | . . . Machines | -11 -10 -9 ---------- Run | Scr Mat Mat Machines Disabled 1 | . 1 . Max in Single Turn 1 | . 1 . Machines Sabotaged . | . . . Garrisons Compromised . | . . . Overloaded Fab Kills . | . . . Fab Network Shutdowns . | . . . Hacking | -11 -10 -9 --------- Run | Scr Mat Mat Machines Accessed . | . . . Terminals . | . . . Fabricators . | . . . Repair Stations . | . . . Recycling Units . | . . . Scanalyzers . | . . . Garrison Access . | . . . Total Hacks . | . . . Successful . | . . . Failed . | . . . Catastrophic . | . . . Database Lockouts . | . . . Manual . | . . . Terminals . | . . . Fabricators . | . . . Repair Stations . | . . . Recycling Units . | . . . Scanalyzers . | . . . Garrison Access . | . . . Terminal Hacks . | . . . Fabricator Hacks . | . . . Repair Station Hacks . | . . . Recycling Unit Hacks . | . . . Scanalyzer . | . . . Garrison Access Hacks . | . . . Unauthorized Hacks . | . . . Terminals . | . . . Fabricators . | . . . Repair Stations . | . . . Recycling Units . | . . . Scanalyzers . | . . . Garrison Access . | . . . Data Cores Recovered . | . . . Used . | . . . Hacking Detections . | . . . Full Trace Events . | . . . Feedback Events . | . . . Feedback Blocked . | . . . Robot Schematics Acquired . | . . . Robots Built . | . . . Matter . | . . . Time . | . . . Total Robot Build Rating . | . . . Part Schematics Acquired . | . . . Parts Built . | . . . Matter . | . . . Time . | . . . Total Part Build Rating . | . . . Parts Repaired . | . . . Time . | . . . Parts Recycled . | . . . Recycled Matter . | . . . Retrieved Matter . | . . . Retrieved Components . | . . . Parts Scanalyzed . | . . . Part Schematics Acquired . | . . . Parts Damaged . | . . . Bothacking | -11 -10 -9 ------------ Run | Scr Mat Mat Used RIF Installer . | . . . Robots Hacked . | . . . Non-combat . | . . . Combat . | . . . Robot Hacks Applied . | . . . Relay Couplers Released . | . . . Robots Rewired . | . . . Allies Hacked . | . . . Hacks Repelled . | . . . Allies | -11 -10 -9 -------- Run | Scr Mat Mat Total Allies . | . . . Largest Group . | . . . Highest-Rated Group . | . . . Highest-Rated Ally . | . . . Total Orders . | . . . Ally Attacks . | . . . Total Damage . | . . . Kills . | . . . Allies Corrupted . | . . . Allies Melted . | . . . Intel | -11 -10 -9 ------- Run | Scr Mat Mat Robot Analysis Total . | . . . Derelict Logs Recovered . | . . . Drone Launches . | . . . Drone Recoveries . | . . . Exploration | -11 -10 -9 ------------- Run | Scr Mat Mat Turns Passed 905 | 88 479 338 Spaces Moved 744 | 68 340 336 Core 11 | 8 3 . Treads . | . . . Legs 287 | 60 227 . Wheels . | . . . Hover 446 | . 110 336 Flight . | . . . Fastest Speed 50 | 50 116 52 Average Speed 103 | 111 122 83 Slowest Speed 300 | 120 300 240 Overloaded Moves . | . . . Propulsion Burnouts . | . . . Robots Hopped . | . . . Cave-ins Triggered . | . . . Exploration Rate (%) 19 | 4 34 21 Regions Visited 2 Branch Regions . Pre-discovered Areas . | . . . Known Exits Taken . | . . . Unknown Exits Taken 2 | 1 1 . Scrap Searched . | . . . Spaces Dug . | . . . Terrain Destroyed 2 | . 2 . Melee . | . . . Projectile . | . . . AOE 2 | . 2 . Actions | -11 -10 -9 --------- Run | Scr Mat Mat Total 845 | 77 380 388 Wait 23 | . . 23 Move 742 | 67 339 336 Hop . | . . . Pick Up 17 | 4 6 7 Fast Attach 17 | 6 7 4 Attach 2 | . . 2 Detach 6 | . 5 1 Swap 3 | . 2 1 Drop 18 | . 8 10 Fire 17 | . 13 4 Melee . | . . . Ram . | . . . Kick . | . . . Crush . | . . . Escape Stasis . | . . . Rewire . | . . . Trap . | . . . Miscellaneous . | . . . Route ------- -11/Scrapyard -10/Materials -9/Materials History --------- Turn | Location | Event 4 | -11/Scrapyard | Discovered new exit (range 16) 89 | -11/Scrapyard | Entered Materials 306 | -10/Materials | Build established: Mutant 392 | -10/Materials | Discovered new exit (range 15) 568 | -10/Materials | Entered another Materials area 568 | -9/Materials | Evolved 2 slots: Propulsion x1, Utility x1 896 | -9/Materials | Core integrity fell below 50% 905 | -9/Materials | Core integrity fell below 20% 906 | -9/Materials | Destroyed by S-10 Pest with Light Assault Rifle Last Messages --------------- 00650_ Dropped Imp. Hover Unit. 00651_ Dropped Aluminum Leg. 00653_ Acquired Imp. Hover Unit. 00655_ Acquired Electrolaser. 00663_ Acquired Cooling System. 00671_ K-01 Serf collects debris. 00702_ U-05 Engineer lays Concrete. 00754_ Y-45 Defender destroyed. 00791_ O-16 Technician destroyed. 00794_ Acquired 12 matter. 00796_ Acquired Datajack. 00821_ Imp. Hover Unit destroyed. 00831_ K-01 Serf collects debris. 00869_ Electrolaser destroyed. 00871_ S-10 Pest destroyed. 00876_ Deuterium Engine destroyed. 00877_ Electrolaser destroyed. 00877_ Acquired 50 matter. 00892_ Imp. Hover Unit destroyed. 00895_ Cooling System destroyed. Map ----- +----------------------------------------------------+ | ???????????????????????????????????????????????? | | ???????????????????????????????????????????????? | | ???????????????????????????????????????????????? | | ???????????????????????????????????????????????? | | ???????????????????????????????????????????????? | | ???????????????????????????????????????????????? | | ???????????????????????????????????????????????? | | ???????????????????????????????????????????????? | | ???????????????????????????????????????????????? | | ???????????????????????????????????????????????? | | ???????????????????????????????????????????????? | | ???????????????????????????????????????????????? | | ???????????????????????????????????????????????? | | ???????????????????????????????????????????????? | | ???????????????????????????????????????????????? | | ???????????????????????????????????????????????? | | ???????????????????????????????????????????????? | | ???????????????????????????????????????????????? | | ???????????????################????????????????? | | ???????????????# #????????????????? | | ???????????????# """" #????????????????? | | ???????????????# """" ""#????????????????? | | ????????????????? """" T"?????????????????? | | ??????????????????? ???????????????????? | | ????????????????????? ?????????????????????? | | ????????###############@###########????????????? | | ???????? ?????? | | ???????? #########????????????? | | ???????? s #????????????????????? | | ???????? s gYsw#????????????????????? | | ???????? Yg #????????????????????? | | ????? ????#### ####/######?????????????????? | | ????? ??????## ## #?????????????????? | | ????? ??????# # #?????????????????? | | ????? ??????# # #?????????????????? | | ????? ??????# # #?????????????????? | | ????? ??????# [ ! + #?????????????????? | | ????? ?###### # #?????????????????? | | ????# ## [ # # !!! #?????????????????? | | ????# ## # # !!! #?????????????????? | | ????# ## ### ### !! #?????????????????? | | ????# ## #?# #?##########?????????????????? | | ????# ## #?# = #????????????????????????????? | | ????# ####+####[%=#????????????????????????????? | | ????# ## ## * #????????????????????????????? | | ????# ## #????????????????????????????? | | ????# #????????????????????????????? | | ????#### #????????????????????????????? | | ???????# ##+############???????????????????? | | ???????### ### #???????????????????? | +----------------------------------------------------+ Best States ------------- Heat Dissipation 50 Energy Generation 14 Energy Capacity 275 Matter Stores 202 Matter Capacity 300 Sight Range 16 Terrain Scan Density 10 ECM Strength 1 Evasion (%) 54 Item Schematics ----------------- None Robot Schematics ------------------ None Fabricated ------------ Nothing Alien Tech Used ----------------- None Achievements -------------- None Challenges ------------ None Game ------ Seed AlloyCloakingRipper Manual? 0 Play Time 00:23:23 Cumulative 15.9 hours Start 2020.06.02 @ 01:16:44 End 2020.06.02 @ 01:46:45 Sessions 1 Manual Loads 0 Difficulty Rogue Special Mode None Game No. 28 Rogue 28 Adventurer 0 Explorer 0 Win Type - Total 0 Types 0/0/0/0/0/0/0 Lore% 10 Gallery% 14 Achievement% 12 Wizard Run 0 Options --------- ASCII 1 Keyboard 1 Movement Vi Keybinds 0 Fullscreen 1 Font 18/Terminus Map View 76x50 Tactical HUD 1 Map Filters NONE Filters NONE Steam 1 RUN: 3b47c6b2-aabd-4d89-88ba-b0b878455970